 Dungeon Crawl Stone Soup version 0.29-a0-270-g1586fc07ea (webtiles) character file.

Game seed: 4960274449200550538

186 frogsbabysitter the Chopper (level 5, -1/48 HPs)
             Began as a Hill Orc Monk on Mar 8, 2022.
             Slain by a scorpion (5 damage)
             ... on level 4 of the Dungeon.
             The game lasted 00:08:12 (2393 turns).

frogsbabysitter the Chopper (Hill Orc Monk)         Turns: 2393, Time: 00:08:13

Health: -1/48      AC:  9    Str: 16    XL:     5   Next: 65%
Magic:  5/5        EV:  6    Int: 10    God:
Gold:   118        SH:  3    Dex: 13    Spells: 4/4 levels left

rFire   . . .      SeeInvis .   i - +0 war axe
rCold   . . .      Faith    .   b - +0 buckler
rNeg    . . .      Spirit   .   r - +0 chain mail
rPois   .          Reflect  .   (no helmet)
rElec   .          Harm     .   k - +0 cloak
rCorr   .          Rampage  .   (no gloves)
Will    .....                   (no boots)
Stlth   ..........              (no amulet)
HPRegen 0.16/turn               (no ring)
MPRegen 0.09/turn               (no ring)

@: no status effects
A: no striking features
a: no special abilities


You were on level 4 of the Dungeon.
You visited 1 branch of the dungeon, and saw 6 of its levels.

You collected 118 gold pieces.

Inventory:

Hand Weapons
 a - a +0 hand axe
 i - a +0 war axe (weapon)
 p - a +1 long sword of protection
Armour
 b - a +0 buckler (worn)
 e - a +0 leather armour
 k - a +0 cloak (worn)
 r - a +0 chain mail (worn)
 s - the +2 robe "Diekho" {Harm rPois Str+2 Stlth-}
   (You found it on level 6 of the Dungeon)

   Str:       It affects your strength (+2).
   rPois:     It protects you from poison.
   Harm:      It increases damage dealt and taken.
   Stlth:     It makes you less stealthy.
Scrolls
 d - a scroll of magic mapping {unknown}
 f - 3 scrolls of teleportation {unknown}
 l - a scroll of silence {unknown}
 q - a scroll of noise {unknown}
 u - a scroll of immolation {unknown}
Potions
 c - a potion of ambrosia
 g - a potion of flight {unknown}
 h - 2 potions of lignification {unknown}
 j - a potion of mutation {unknown}
 m - a potion of attraction {unknown}
 n - 3 potions of heal wounds {unknown}
 o - a potion of haste {unknown}
 t - a potion of might {unknown}


   Skills:
 + Level 5.1 Fighting
 * Level 7.0 Axes
 - Level 2.4 Dodging
 - Level 1.6 Stealth


You had 4 spell levels left.
You didn't know any spells.
Your spell library was empty.

Dungeon Overview and Level Annotations

Branches:
Dungeon (6/15)
 Temple: D:4-7

Altars:

Annotations:
D:2 Sigmund


Message History

You hit the scorpion.
The scorpion is moderately wounded.
The scorpion stings you.
You are poisoned.
The scorpion poisons you!
You closely miss the scorpion.
The scorpion is moderately wounded.
You feel very sick. The scorpion stings you.
You feel sick. The scorpion stings you.
You are more poisoned.
The scorpion poisons you!
You feel very sick.
You feel very sick.
* * * LOW HITPOINT WARNING * * *
You feel very sick. The scorpion attacks as you move away!
The scorpion stings you but does no damage.
You feel sick.
You feel sick.
The scorpion stings you but does no damage.
The scorpion attacks as you move away! The scorpion barely misses you.
You feel sick.
You feel sick.
You feel sick. The scorpion attacks as you move away!
The scorpion stings you but does no damage.
You feel sick.
You feel sick.
The scorpion stings you but does no damage.
You feel sick.
You are no longer poisoned.
Unknown command.
The scorpion attacks as you move away!
The scorpion stings you but does no damage.
There is a stone staircase leading down here.
The scorpion attacks as you move away!
The scorpion stings you but does no damage.
The scorpion stings you.
You die...

#..##.#..#.# ........
#..#..#.#..# .......
#..........# #..$...
#####.#.#### #.....#
#..........## #.....#
#..#..#..#..#### #'#
#..##.#.##.....# #.#
#....)#..†..##.# #.###
#####@####†.##.###....
#s................
#.####....[....##.
#.O.O...........+.
######........###.
#..#####..# ## #..#.
.#..# #.# #. .#.#...
#. #.# # ..##


You could see an ogre and a scorpion.

Vanquished Creatures
  A necrophage (D:4)
  A hound (D:4)
  An orc wizard (D:3)
  An adder (D:3)
  An ufetubus (D:5)
  4 orcs
  4 ball pythons
  2 bats (D:1)
  5 endoplasms
  5 giant cockroaches
  3 goblins
  5 hobgoblins
  3 jackals (D:1)
  2 kobolds
  A quokka (D:1)
  4 frilled lizards
  6 rats
49 creatures vanquished.

Notes
Turn   | Place    | Note
-------+----------+-------------------------------------------
     0 | D:1      | frogsbabysitter the Hill Orc Monk began the quest for the
                  | Orb.
     0 | D:1      | Reached XP level 1. HP: 19/19 MP: 1/1
   430 | D:1      | Reached XP level 2. HP: 25/27 MP: 2/2
  1104 | D:1      | Reached skill level 5 in Axes
  1104 | D:1      | Reached XP level 3. HP: 31/33 MP: 3/3
  1202 | D:2      | Noticed Sigmund
  1493 | D:3      | Found a faded altar of an unknown god.
  1763 | D:3      | Reached XP level 4. HP: 18/41 MP: 4/4
  1996 | D:3      | You fall into a shaft and drop 3 floors!
  2005 | D:5      | Entered Level 5 of the Dungeon
  2005 | D:5      | Noticed a scorpion
  2115 | D:6      | Identified the +2 robe "Diekho" {Harm rPois Str+2 Stlth-}
  2159 | D:5      | Noticed a black bear
  2166 | D:5      | Reached skill level 6 in Axes
  2219 | D:4      | Reached XP level 5. HP: 36/47 MP: 5/5
  2286 | D:4      | Reached skill level 5 in Fighting
  2286 | D:4      | Reached skill level 7 in Axes
  2372 | D:4      | Noticed an ogre
  2393 | D:4      | Slain by a scorpion

Illustrated notes

Levels and vault maps discovered:
D:1:      amcnicky_arrival_gap_in_the_tavern_cellar, layout_loops_ring
D:2:      layout_rooms, uniq_sigmund
D:3:      layout_basic, hellmonk_ecumenical_altar_lost_god,
          biasface_ghost_orc_armoury, chequers_serial_rivers_room_a,
          minmay_misc_feat_encased
D:4:      layout_basic, mainiacjoe_overflow_surrounded_room,
          nicolae_ru_sacrificial_ziggurat, hangedman_abyss_or_decor_passed,
          minmay_circle_x, uniq_blork_the_orc
D:5:      layout_rooms, mainiacjoe_overflow_24_doors,
          mainiacjoe_overflow_two_lobes, portal_sewer_entry_f
D:6:      layout_loops_ring, trog_book, beargit_hepliaklqana_dungeon_heroes

Skill      XL: |  1  2  3  4  5 |
---------------+----------------+-----
Fighting       | 4 5 |  5.1
Axes           | 5 6 7 |  7.0
Dodging        | |  2.4
Stealth        | |  1.6

Action                   |  1- 3 |  4- 6 || total
-------------------------+-------+-------++-------
Melee: Hand axe          |    26 |       ||    26
       Punch             |     1 |       ||     1
       War axe           |    91 |    43 ||   134
 Stab: Sleeping          |     2 |       ||     2
Armor: Robe              |    22 |       ||    22
       Chain mail        |    25 |    36 ||    61
Dodge: Dodged            |    55 |    13 ||    68
Block: Buckler           |     3 |    13 ||    16

Table legend: (Time is in decaauts)
 A = Elapsed time spent in this place.
 B = Non-inter-level travel time spent in this place.
 C = Inter-level travel time spent in this place.
 D = Time resting spent in this place.
 E = Time spent auto-exploring this place.
 F = Levels seen in this place.
 G = Mean time per level.
                   A        B        C        D        E       F      G
               +--------+--------+--------+--------+--------+-----+--------+
         Total |   2431 |   2343 |     88 |    827 |    317 |   6 |  405.2 |
       Dungeon |   2431 |   2343 |     88 |    827 |    317 |   6 |  405.2 |
               +--------+--------+--------+--------+--------+-----+--------+

Top non-repeatable levels by time:
     D:1: 1282 daAuts
     D:3: 608 daAuts
     D:4: 232 daAuts
     D:2: 132 daAuts
     D:6: 130 daAuts
     D:5: 44 daAuts
